 Dungeon Sprint DCSS version 0.28-a0-1130-gc51a68064b (webtiles) character file.

Game seed: 4717415348296500938

21 rocky1 the Chiller (level 2, -1/22 HPs)
             Began as a Naga Ice Elementalist on Dec 13, 2021.
             Was a Believer of Sif Muna.
             Slain by a ball python (3 damage)
             ... in the Dungeon (Sprint VII: "The Pits").
             The game lasted 00:02:02 (330 turns).

rocky1 the Chiller (Naga Ice Elementalist)           Turns: 330, Time: 00:02:02

Health: -1/22      AC:  1    Str: 10    XL:     2   Next: 87%
Magic:  5/5        EV:  9    Int: 15    God:    Sif Muna [**....]
Gold:   0          SH:  0    Dex: 11    Spells: 4/5 levels left

rFire   . . .      SeeInvis +   k - +2 falchion
rCold   . . .      Faith    .   (no shield)
rNeg    . . .      Spirit   .   a - +0 robe
rPois   +          Reflect  .   (no helmet)
rElec   .          Harm     .   (no cloak)
rCorr   .          Rampage  .   (no gloves)
Will    .....      NoTele   +   (no barding)
Stlth   +++.......              (no amulet)
HPRegen 0.07/turn               (no ring)
MPRegen 0.09/turn               (no ring)

@: on berserk cooldown, slowed, very slow
A: AC +0, large, see invisible, deformed body, poison resistance, slowness 2,
spit poison 1, naga tail 1
a: Spit Poison, Renounce Religion, Channel Magic


You were in the Dungeon.
You worshipped Sif Muna.
Sif Muna was pleased with you.
You visited 1 branch

Inventory:

Hand Weapons
 k - a +2 falchion (weapon)
 l - a +2 dagger
Armour
 a - a +0 robe (worn)
Scrolls
 g - a scroll of blinking
 i - 5 scrolls of amnesia
 j - a scroll of summoning
Potions
 b - a potion of curing
 d - a potion of haste
 e - 4 potions of magic
 f - 2 potions of berserk rage
 h - 2 potions of invisibility


   Skills:
 - Level 1.6 Dodging
 + Level 5.5 Stealth
 - Level 2.0 Spellcasting
 * Level 6.0 Ice Magic


You had 4 spell levels left.
You knew the following spells:

 Your Spells              Type           Power      Damage    Failure   Level
a - Freeze                Ice            76%        1d9       1%          1

Your spell library contained the following spells:

 Spells                   Type           Power      Damage    Failure   Level
 Frozen Ramparts          Ice            38%        1d5       5%          3
 Ozocubu's Armour         Ice            19%        N/A       5%          3
 Hailstorm                Conj/Ice       10%        3d5       54%         4


Dungeon Overview and Level Annotations

Branches:
Dungeon (1/1)

Altars:
Ashenzari
Cheibriados
Dithmenos
Elyvilon
Fedhas
Gozag
Hepliaklqana
Kikubaaqudgha
Makhleb
Nemelex Xobeh
Okawaru
Qazlal
Ru
Sif Muna
Trog
Uskayaw
Vehumet
Wu Jian
Xom
Yredelemnul
Zin
The Shining One
Beogh
Jiyva
Lugonu


Innate Abilities, Weirdness & Mutations

Your serpentine skin is tough. (AC +0)
You have supernaturally acute eyesight. (SInv)
Armour fits poorly on your strangely shaped body.
Your system is resistant to poisons. (rPois)
You cover ground very slowly.
You can spit poison.
You have a snake-like lower body.


Message History

The ufetubus barely misses you.
You slash the ufetubus!
You kill the ufetubus!
Sif Muna accepts your kill.
You barely miss the orc. The orc hits you with a +0 dagger.
You slash the orc!
You kill the orc!
Sif Muna accepts your kill.
Your Ice Magic skill increases to level 6!
Things that are here:
a +0 dagger; an orc corpse You feel a strong urge to attack something.
You are no longer berserk.
You are exhausted.
You feel yourself slow down.
There is an open door here.
You see here a quokka corpse.
The hobgoblin shouts!
The hobgoblin hits you.
There is a large open door here.
The hobgoblin misses you. The hobgoblin hits you.
You are too injured to fight recklessly!
You are too injured to fight recklessly!
You closely miss the hobgoblin. The hobgoblin barely misses you.
The hobgoblin hits you.
The ball python hisses angrily.
You barely miss the hobgoblin. The ball python barely misses you.
The hobgoblin barely misses you. The ball python closely misses you.
The hobgoblin hits you.
You closely miss the hobgoblin.
The ball python bites you but does no damage.
The hobgoblin hits you.
* * * LOW HITPOINT WARNING * * *
The ball python bites you.
* * * LOW HITPOINT WARNING * * *
You hit the hobgoblin.
The hobgoblin is severely wounded.
The ball python barely misses you. The hobgoblin closely misses you.
The ball python bites you.
You die...

#.?(.')).'.##......#.
##########.##........
#...........'........
#+#####†#####......#.
#..#...'.##........
#..#...#.#####'####
#..#####.##.......#
#..'..)#)##.......#
#.@'†..'.##.......#
#Sg########...<...#
#..+ #.......# #..#
#.......# ####
#.......# #########


You could see a hobgoblin and a ball python.

Vanquished Creatures
  A river rat (D)
  An ufetubus (D)
  An orc (D)
  A giant cockroach (D)
  A goblin (D)
  A quokka (D)
  A rat (D)
7 creatures vanquished.

Notes
Turn   | Place    | Note
-------+----------+-------------------------------------------
     0 | D        | rocky1 the Naga Ice Elementalist began the quest for the
                  | Orb.
     0 | D        | Reached XP level 1. HP: 15/15 MP: 3/3
    18 | D        | Found a bloodstained altar of Trog.
    18 | D        | Found a shimmering blue altar of Sif Muna.
    18 | D        | Found a viscous altar of Jiyva.
    18 | D        | Found a hazy altar of Hepliaklqana.
    18 | D        | Found an opulent altar of Gozag.
    19 | D        | Found a glowing golden altar of the Shining One.
    19 | D        | Found a glowing silver altar of Zin.
    19 | D        | Found a basalt altar of Yredelemnul.
    19 | D        | Found a shimmering altar of Xom.
    19 | D        | Found an ornate altar of the Wu Jian Council.
    19 | D        | Found a sacrificial altar of Ru.
    19 | D        | Found a stormy altar of Qazlal.
    19 | D        | Found an iron altar of Okawaru.
    19 | D        | Found a sparkling altar of Nemelex Xobeh.
    19 | D        | Found a burning altar of Makhleb.
    19 | D        | Found a blossoming altar of Fedhas.
    19 | D        | Found a white marble altar of Elyvilon.
    19 | D        | Found a shadowy altar of Dithmenos.
    19 | D        | Found a snail-covered altar of Cheibriados.
    22 | D        | Found a corrupted altar of Lugonu.
    22 | D        | Found a radiant altar of Vehumet.
    23 | D        | Found an ancient bone altar of Kikubaaqudgha.
    23 | D        | Found a hide-covered altar of Uskayaw.
    23 | D        | Found a broken altar of Ashenzari.
    24 | D        | Became a worshipper of Sif Muna the Loreminder
    84 | D        | Reached skill level 5 in Ice Magic
    84 | D        | Reached XP level 2. HP: 7/22 MP: 0/5
   300 | D        | Reached * piety under Sif Muna
   304 | D        | Reached skill level 5 in Stealth
   318 | D        | Reached ** piety under Sif Muna
   319 | D        | Reached skill level 6 in Ice Magic
   330 | D        | Slain by a ball python

Illustrated notes

Levels and vault maps discovered:
D:        pitsprint [storerooms_1, entrance_room_1, metal_vault_6, armoury_2,
          mini_pit_1, grid_room_1, main_hall_1, silver_pit, the_coven_1,
          the_vestibule_1, steel_vault_4, golden_pit, hallway_of_sentries,
          crystal_vault_1, iron_vault_4, final_vault]

Skill      XL: |  1  2 |
---------------+-------+-----
Stealth        | 4 5 |  5.5
Ice Magic      | 5 6 |  6.0
Dodging        | |  1.6
Spellcasting   | |  2.0

Action                   || total
-------------------------++-------
Melee: Falchion          ||    16
 Cast: Freeze            ||     4
  Use: Potion            ||     2
 Stab: Sleeping          ||     2
Armor: Robe              ||     5
Dodge: Dodged            ||    21

Table legend: (Time is in decaauts)
 A = Elapsed time spent in this place.
 B = Non-inter-level travel time spent in this place.
 C = Inter-level travel time spent in this place.
 D = Time resting spent in this place.
 E = Time spent auto-exploring this place.
 F = Levels seen in this place.
 G = Mean time per level.
                   A        B        C        D        E       F      G
               +--------+--------+--------+--------+--------+-----+--------+
         Total |    370 |    370 |      0 |    201 |      0 |   1 |  370.0 |
       Dungeon |    370 |    370 |      0 |    201 |      0 |   1 |  370.0 |
               +--------+--------+--------+--------+--------+-----+--------+

Top non-repeatable levels by time:
       D: 370 daAuts
